 Dungeon Crawl Stone Soup version 0.29-a0-468-ge57f7f99b4 (webtiles) character file.

Game seed: 7320536061805268913

4158 greenreed the Thaumaturge (level 10, -6/69 HPs)
             Began as a Hill Orc Fire Elementalist on May 21, 2022.
             Was a Believer of Beogh.
             Mangled by a cane toad (17 damage)
             ... on level 1 of the Lair of Beasts.
             The game lasted 00:34:07 (11529 turns).

greenreed the Thaumaturge (HOFE)                   Turns: 11529, Time: 00:34:08

Health: -6/69      AC:  9    Str: 12    XL:     10   Next: 28%
Magic:  10/23      EV: 11    Int: 19    God:    Beogh [**....]
Gold:   639        SH:  0    Dex: 11    Spells: 24/27 levels left

rFire   . . .      SeeInvis +   e - +0 hunting sling
rCold   + . .      Faith    .   (no shield)
rNeg    + . .      Spirit   .   D - +2 leather armour {rC+}
rPois   .          Reflect  .   x - +2 helmet {SInv}
rElec   .          Harm     .   L - scarf {repulsion}
rCorr   .          Rampage  .   i - +0 pair of gloves
Will    .....                   (no boots)
Stlth   +.........              (no amulet)
HPRegen 0.21/turn               r - ring of positive energy
MPRegen 0.18/turn               (no ring)

@: lethally poisoned (-6 -> -24), about to teleport, repel missiles
A: no striking features
a: Renounce Religion, Smiting


You were on level 1 of the Lair of Beasts.
You worshipped Beogh.
Beogh was pleased with you.
You visited 2 branches of the dungeon, and saw 9 of its levels.

You collected 639 gold pieces.

Inventory:

Hand Weapons
 e - a +0 hunting sling (weapon)
 E - a +0 whip of venom
 J - a +0 short sword of holy wrath
Missiles
 d - 4 throwing nets
 u - 6 silver boomerangs (quivered)
 z - 8 poisoned darts
Armour
 a - a +0 robe
 h - a +0 helmet
 i - a +0 pair of gloves (worn)
 t - a +1 ring mail of cold resistance
 x - a +2 helmet of see invisible (worn)
 D - a +2 leather armour of cold resistance (worn)
 K - +2 steam dragon scales
 L - a scarf of repulsion (worn)
 M - a +1 cloak
Jewellery
 r - a ring of positive energy (left hand)
 P - a +6 ring of strength
Wands
 y - a wand of polymorph (6)
 B - a wand of digging (4)
Scrolls
 c - 2 scrolls of blinking {unknown}
 l - 4 scrolls of immolation
 n - 3 scrolls of fog
 q - a scroll of enchant armour {unknown}
 v - 2 scrolls of teleportation
 w - a scroll of amnesia {unknown}
 A - 2 scrolls of noise {unknown}
 C - 2 scrolls of magic mapping {unknown}
 F - a scroll of poison {unknown}
 I - a scroll of silence {unknown}
 O - a scroll of enchant weapon {unknown}
Potions
 b - a potion of magic
 f - 2 potions of mutation {unknown}
 g - 6 potions of curing
 j - 3 potions of degeneration {unknown}
 m - 2 potions of attraction {unknown}
 o - 2 potions of might {unknown}
 p - 3 potions of lignification {unknown}
 s - 5 potions of heal wounds
 G - 2 potions of brilliance {unknown}
 H - a potion of invisibility {unknown}
 N - a potion of haste {unknown}


   Skills:
 - Level 0.1 Fighting
 + Level 0.4 Slings
 + Level 2.5 Armour
 + Level 2.4 Dodging
 - Level 1.5 Stealth
 * Level 9.1 Spellcasting
 + Level 3.4 Conjurations
 + Level 8.7 Fire Magic


You had 24 spell levels left.
You knew the following spells:

 Your Spells              Type           Power      Damage    Failure   Level
a - Foxfire               Conj/Fire      100%       2x1d9     1%          1
b - Scorch                Fire           82%        2d9       1%          2

Your spell library contained the following spells:

 Spells                   Type           Power      Damage    Failure   Level
 Conjure Flame            Conj/Fire      31%        6-21      2%          3
 Inner Flame              Hex/Fire       25%        N/A       5%          3
 Static Discharge         Conj/Air       15%        N/A       8%          2
 Flame Wave               Conj/Fire      31%        2d8       9%          4
 Ozocubu's Armour         Ice            8%         N/A       30%         3
 Cause Fear               Hex            4%         N/A       71%         4
 Lightning Bolt           Conj/Air       7%         1d20      82%         5
 Summon Forest            Summ/Tloc      4%         N/A       96%         5
 Summon Mana Viper        Hex/Summ       8%         N/A       96%         5
 Summon Cactus Giant      Summ           4%         N/A       100%        6
 Dragon Form              Tmut           4%         N/A       100%        7
 Ozocubu's Refrigeration  Ice            4%         4d5       100%        7
 Maxwell's Capacitive Co  Air            4%         ∞         100%        8
 Dragon's Call            Summ           4%         N/A       100%        9


Dungeon Overview and Level Annotations

Branches:
Dungeon (8/15)             Temple (0/1) D:7            Lair (1/6) D:8

Altars:
Ashenzari
Fedhas
Gozag
Hepliaklqana
Kikubaaqudgha
Makhleb
Okawaru
Ru
Sif Muna
Trog
Vehumet

Shops:
D:7 :

Annotations:
D:8 3 runed translucent doors


Message History

The cane toad is moderately wounded.
The cane toad's fire resistance burns away.
The foxfire hits the cane toad!
The cane toad is burned terribly!
The cane toad is heavily wounded.
Casting: Scorch (safe; 1% risk of failure)
Confirm with . or Enter, or press ? or * to list all spells.
Flames lash the cane toad.
The cane toad is burned terribly!
The cane toad is severely wounded.
The cane toad stings you. The cane toad stings you!
You are poisoned.
The cane toad poisons you!
Casting: Scorch (safe; 1% risk of failure)
Confirm with . or Enter, or press ? or * to list all spells.
Flames lash the cane toad but do no damage.
You feel very sick. The cane toad stings you!
A komodo dragon comes into view.
Casting: Scorch (safe; 1% risk of failure)
Confirm with . or Enter, or press ? or * to list all spells.
Flames lash the cane toad.
The cane toad is burned terribly!
The cane toad is almost dead.
You feel very sick. The cane toad stings you!!
You are lethally poisoned!
The cane toad poisons you!
Casting: Scorch (safe; 1% risk of failure)
Confirm with . or Enter, or press ? or * to list all spells.
Flames lash the komodo dragon but do no damage.
* * * LOW HITPOINT WARNING * * *
You feel extremely sick.
The cane toad stings you but does no damage.
Casting: Scorch (safe; 1% risk of failure)
Confirm with . or Enter, or press ? or * to list all spells.
Okay, then.
As you read the scroll of teleportation, it crumbles to dust.
You feel strangely unstable.
* * * LOW HITPOINT WARNING * * *
You feel very sick. The cane toad stings you!
You die...

... .. .P## .
..# .. #.#
... ###l## P.
##..FP##.#..#
#<...@.......
#..##$##.....
#...### ..#
#...## #
##... .....
......
##..###


You could see a komodo dragon and a cane toad (combustible).

Vanquished Creatures
  Maggie (D:7)
  Grinder (D:5)
  Prince Ribbit (D:6)
  5 yaks
  A steam dragon (D:8)
  Duvessa (D:6)
  A water moccasin (D:5)
  Edmund (D:5)
  An orc warrior (D:5)
  A sky beast (D:7)
  The ghost of Taurus the Covered, an amateur MiFi (D:3)
  2 phantoms
  A bullfrog (D:7)
  3 necrophages (D:5)
  5 scorpions
  11 wights
  Dowan (D:6)
  2 gnoll shamans
  3 orc priests
  3 hounds
  A jelly (D:7)
  4 iguanas
  2 hell rats (D:8)
  2 orc wizards
  7 gnolls
  6 adders
  A river rat (D:3)
  2 white imps
  A worm (D:4)
  4 dart slugs
  21 orcs
  11 ball pythons
  6 endoplasms
  4 giant cockroaches
  8 goblins
  5 hobgoblins
  7 quokkas
  4 frilled lizards
  4 kobolds
  9 rats
155 creatures vanquished.

Vanquished Creatures (collateral kills)
  5 foxfires (Lair:1)
5 creatures vanquished.

Vanquished Creatures (others)
  An orc (D:5)
  399 foxfires
  2 fungi
402 creatures vanquished.

Grand Total: 562 creatures vanquished

Notes
Turn   | Place    | Note
-------+----------+-------------------------------------------
     0 | D:1      | greenreed the Hill Orc Fire Elementalist began the quest
                  | for the Orb.
     0 | D:1      | Reached XP level 1. HP: 14/14 MP: 3/3
   234 | D:1      | You fall into a shaft and drop 1 floor!
   286 | D:1      | Reached XP level 2. HP: 20/20 MP: 2/4
   510 | D:1      | Reached skill level 2 in Spellcasting
  1050 | D:1      | Reached XP level 3. HP: 26/26 MP: 4/6
  1095 | D:1      | Found a faded altar of an unknown god.
  2548 | D:3      | Reached XP level 4. HP: 33/33 MP: 4/7
  2708 | D:3      | Learned a level 2 spell: Scorch
  2915 | D:3      | Found a sacrificial altar of Ru.
  3071 | D:3      | Found a runed translucent door.
  3072 | D:3      | Noticed Taurus's ghost (amateur MiFi)
  3482 | D:3      | Found a runed translucent door.
  3951 | D:4      | Reached XP level 5. HP: 38/38 MP: 7/9
  3985 | D:4      | Found a burning altar of Makhleb.
  4160 | D:4      | Reached skill level 3 in Spellcasting
  4357 | D:4      | Found an iron altar of Okawaru.
  4598 | D:5      | Entered Level 5 of the Dungeon
  4792 | D:5      | Noticed a water moccasin
  4798 | D:5      | Killed a water moccasin
  4799 | D:5      | Reached XP level 6. HP: 45/45 MP: 5/11
  4858 | D:5      | Reached skill level 4 in Spellcasting
  4953 | D:5      | Reached skill level 5 in Fire Magic
  5034 | D:5      | Reached XP level 7. HP: 44/50 MP: 6/13
  5561 | D:5      | Became a worshipper of Beogh the Brigand
  5880 | D:5      | Noticed Grinder
  5884 | D:5      | Paralysed by Grinder for 2 turns
  5886 | D:5      | Killed Grinder
  5887 | D:5      | Reached skill level 5 in Spellcasting
  5887 | D:5      | Reached XP level 8. HP: 50/57 MP: 4/16
  6116 | D:5      | Noticed Edmund
  6120 | D:5      | Killed Edmund
  6612 | D:5      | Found a blossoming altar of Fedhas.
  6612 | D:5      | Found an opulent altar of Gozag.
  6614 | D:5      | Found a bloodstained altar of Trog.
  6614 | D:5      | Found a shimmering blue altar of Sif Muna.
  6828 | D:6      | Noticed Prince Ribbit
  6834 | D:6      | Killed Prince Ribbit
  6835 | D:6      | Reached skill level 1 in Armour
  6835 | D:6      | Reached skill level 6 in Spellcasting
  7096 | D:6      | Found an ancient bone altar of Kikubaaqudgha.
  7562 | D:5      | Reached skill level 7 in Spellcasting
  7667 | D:6      | Noticed a yak
  7680 | D:6      | Killed a yak
  7681 | D:6      | Reached XP level 9. HP: 62/62 MP: 10/19
  7995 | D:6      | Reached * piety under Beogh
  8074 | D:6      | Found a broken altar of Ashenzari.
  8357 | D:6      | Noticed Dowan
  8359 | D:6      | Noticed Duvessa
  8377 | D:6      | Killed Dowan
  8403 | D:6      | Killed Duvessa
  8708 | D:6      | Reached skill level 8 in Spellcasting
  8835 | D:7      | Found a staircase to the Ecumenical Temple.
  8847 | D:7      | Found Cauvviowk's Book Shop.
  8869 | D:7      | Noticed Maggie
  8876 | D:7      | Killed Maggie
  9164 | D:3      | Killed Taurus's ghost
  9546 | D:7      | Reached XP level 10. HP: 69/69 MP: 17/22
  9638 | D:7      | Found a hazy altar of Hepliaklqana.
 10430 | D:8      | Reached skill level 9 in Spellcasting
 10534 | D:8      | Noticed a death yak
 10535 | D:8      | Noticed a death yak
 10940 | D:8      | Found a runed translucent gate.
 10940 | D:8      | Found a runed translucent gate.
 10940 | D:8      | Found a runed translucent gate.
 10942 | D:8      | Noticed a red ugly thing
 10948 | D:8      | Noticed a white ugly thing
 10949 | D:8      | Noticed a green ugly thing
 10949 | D:8      | Noticed a green ugly thing
 10951 | D:8      | Noticed a glowing orange brain
 10972 | D:8      | Found a radiant altar of Vehumet.
 11007 | D:8      | Found a staircase to the Lair.
 11326 | D:8      | Reached ** piety under Beogh
 11496 | D:8      | Noticed a death yak
 11508 | Lair:1   | Entered Level 1 of the Lair of Beasts
 11512 | Lair:1   | Noticed a cane toad
 11529 | Lair:1   | Mangled by a cane toad

Illustrated notes

Levels and vault maps discovered:
D:1:      wander_arrival_peaceful_grave, layout_basic,
          dreamdust_ecumenical_altar_angels_and_demons,
          amcnicky_mini_corridor_feature, solitary_fountain
D:2:      layout_loops_ring, kennysheep_cluttered_room,
          kennysheep_cross_bottleneck
D:3:      layout_basic, mainiacjoe_overflow_cross_hatched, ebering_ghost_sewer_f
D:4:      layout_cave_pools, okawaru_altar_gauntlet_db, amcnicky_altar_gilded
D:5:      layout_loops_corners, mainiacjoe_overflow_alcove_3,
          minmay_door_square, chequers_mini_garden, kennysheep_generic_room_10,
          uniq_edmund, uniq_grinder
D:6:      layout_gridville, ashenzari_altar_1,
          nicolae_kikubaaqudgha_miasma_corner, uniq_prince_ribbit1, uniq_duvessa
D:7:      layout_loops_cross, mainiacjoe_overflow_six_doors_small,
          minmay_temple_entry_purple_smoke, nicolae_take_the_stairs, uniq_maggie
D:8:      layout_loops_ring, nicolae_vehumet_altar_sigil, dpeg_lair_monsters,
          ploomutoo_gammafunk_ghost_potion_laboratory
Lair:1:   dpeg_oklob_gauntlet, layout_loops_ring,
          portal_ice_cave_entry_ice_simulacra

Skill      XL: |  1  2  3  4  5  6  7  8  9 10 |
---------------+-------------------------------+-----
Spellcasting   | 2 3 4 5 7 8 9 |  9.1
Fire Magic     | 4 5 6 8 |  8.7
Conjurations   | 2 3 |  3.4
Dodging        | 2 |  2.4
Armour         | 1 2 |  2.5
Fighting       | |  0.1
Slings         | |  0.4
Stealth        | |  1.5

Action                   |  1- 3 |  4- 6 |  7- 9 | 10-12 || total
-------------------------+-------+-------+-------+-------++-------
 Fire: Hunting sling     |     9 |     1 |       |       ||    10
Throw: Boomerang         |       |       |       |     1 ||     1
 Cast: Foxfire           |    62 |    54 |    78 |    43 ||   237
       Scorch            |       |    30 |   104 |    51 ||   185
Invok: Convert to Beogh  |       |       |     1 |       ||     1
  Use: Scroll            |       |       |     1 |     6 ||     7
Armor: Robe              |    10 |     4 |     7 |       ||    21
       Leather armour    |       |       |    13 |     5 ||    18
Dodge: Dodged            |    17 |    12 |    42 |     8 ||    79
       Repelled          |       |       |       |     2 ||     2

Table legend: (Time is in decaauts)
 A = Elapsed time spent in this place.
 B = Non-inter-level travel time spent in this place.
 C = Inter-level travel time spent in this place.
 D = Time resting spent in this place.
 E = Time spent auto-exploring this place.
 F = Levels seen in this place.
 G = Mean time per level.
                   A        B        C        D        E       F      G
               +--------+--------+--------+--------+--------+-----+--------+
         Total |  11554 |  10658 |    896 |   1423 |   7743 |   9 | 1283.8 |
       Dungeon |  11533 |  10637 |    896 |   1423 |   7738 |   8 | 1441.6 |
          Lair |     20 |     20 |      0 |      0 |      5 |   1 |   20.0 |
               +--------+--------+--------+--------+--------+-----+--------+

Top non-repeatable levels by time:
     D:5: 2633 daAuts
     D:6: 1541 daAuts
     D:3: 1441 daAuts
     D:1: 1328 daAuts
     D:7: 1265 daAuts
     D:2: 1184 daAuts
     D:8: 1162 daAuts
     D:4: 975 daAuts
  Lair:1: 20 daAuts
